TOP OF THE 1ST |
---|
Salem Silver Souls batting - Pitching for Memphis Blues : LHP Ramón Vázquez | Pitching: LHP Ramón Vázquez | | Batting: RHB Juan Becerra | 0-0: Called Strike 0-1: SINGLE (Line Drive, 4M) | Batting: RHB Júlio Rodríguez | 0-0: Fly out, F7 (Flyball, 7LS) | Batting: RHB Carlos Sánchez | 0-0: Called Strike 0-1: Ball Juan Becerra steals 2nd base 1-1: Foul Ball, location: 2F 1-2: Fly out, F3 (Popup, 3DF) | Batting: SHB Felipe Castro | 0-0: Ball 1-0: Ball 2-0: Ball 3-0: Base on Balls | Batting: RHB Elpidio Martinho | 0-0: Ball 1-0: Ball 2-0: Called Strike 2-1: Ball 3-1: Base on Balls Juan Becerra to third Felipe Castro to second | Batting: SHB Dawson Fowler | 0-0: Called Strike 0-1: Ball 1-1: Foul Ball, location: 2F 1-2: Strikes out looking | Top of the 1st over - 0 runs, 1 hit, 0 errors, 3 left on base; Salem 0 - Memphis 0 | BOTTOM OF THE 1ST |
---|
Memphis Blues batting - Pitching for Salem Silver Souls : RHP Miguel Ortíz | Pitching: RHP Miguel Ortíz | | Batting: RHB Brandon Townsley | 0-0: Called Strike 0-1: Ball 1-1: Foul Ball, location: 2F 1-2: Ball 2-2: Foul Ball, location: 2F 2-2: Foul Ball, location: 2F 2-2: Foul Ball, location: 2F 2-2: Foul Ball, location: 2F 2-2: SINGLE (Flyball, 8RS) | Batting: LHB Brenton Carter | 0-0: SINGLE (Flyball, 9LS) Brandon Townsley to second Runner from 2nd tries for 3rd, SAFE, throw made to third | Batting: LHB Weston Chaney | 0-0: Ball 1-0: Foul Ball, location: 2F 1-1: Foul Ball, location: 2F 1-2: Foul Ball, location: 2F 1-2: Foul Ball, location: 2F 1-2: Grounds into double play, 4-6-3 (Groundball, 4) Brandon Townsley scores | Batting: LHB John Foster | 0-0: Fly out, F9 (Line Drive, 9) | Bottom of the 1st over - 1 run, 2 hits, 0 errors, 0 left on base; Salem 0 - Memphis 1 | TOP OF THE 2ND |
---|
Salem Silver Souls batting - Pitching for Memphis Blues : LHP Ramón Vázquez | Batting: SHB Alberto Sandoval | 0-0: Ball 1-0: Fly out, F9 (Flyball, 9S) | Batting: RHB José López | 0-0: Ball 1-0: Fly out, F7 (Flyball, 7LS) | Batting: LHB Felipe Rivera | 0-0: Ball 1-0: Ball 2-0: Ball 3-0: Base on Balls | Batting: RHB Juan Becerra | 0-0: Ball 1-0: Ball 2-0: Ball 3-0: Called Strike 3-1: SINGLE (Groundball, 6MD) Felipe Rivera to second Runner from 2nd tries for 3rd, SAFE, no throw | Batting: RHB Júlio Rodríguez | 0-0: Ball 1-0: Called Strike 1-1: Swinging Strike 1-2: Foul Ball, location: 2F 1-2: Foul Ball, location: 2F 1-2: Fly out, F8 (Line Drive, 8LD) | Top of the 2nd over - 0 runs, 1 hit, 0 errors, 2 left on base; Salem 0 - Memphis 1 | BOTTOM OF THE 2ND |
---|
Memphis Blues batting - Pitching for Salem Silver Souls : RHP Miguel Ortíz | Batting: RHB Aaron Grizzle | 0-0: Foul Ball, location: 2F 0-1: Called Strike 0-2: Ball 1-2: Ground out 5-3 (Groundball, 56) | Batting: RHB Julian Lee | 0-0: Swinging Strike 0-1: Ball 1-1: Ground out 6-3 (Groundball, 6) | Batting: RHB Jonny Lord | 0-0: Fly out, F7 (Flyball, 7S) | Bottom of the 2nd over - 0 runs, 0 hits, 0 errors, 0 left on base; Salem 0 - Memphis 1 | TOP OF THE 3RD |
---|
Salem Silver Souls batting - Pitching for Memphis Blues : LHP Ramón Vázquez | Batting: RHB Carlos Sánchez | 0-0: Ball 1-0: Ball 2-0: Foul Ball, location: 2F 2-1: Ball 3-1: Ground out 6-3 (Groundball, 6) | Batting: SHB Felipe Castro | 0-0: Ball 1-0: Ball 2-0: SINGLE (Line Drive, 89S) | Batting: RHB Elpidio Martinho | 0-0: Called Strike 0-1: Grounds into double play, 6-4-3 (Groundball, 6) | Top of the 3rd over - 0 runs, 1 hit, 0 errors, 0 left on base; Salem 0 - Memphis 1 | BOTTOM OF THE 3RD |
---|
Memphis Blues batting - Pitching for Salem Silver Souls : RHP Miguel Ortíz | Batting: LHB Armando Domínguez | 0-0: Ball 1-0: Ball 2-0: Called Strike 2-1: Called Strike 2-2: Ball 3-2: Foul Ball, location: 2F 3-2: Foul Ball, location: 2F 3-2: Foul Ball, location: 2F 3-2: SINGLE (Line Drive, 6M) | Batting: RHB Ángel Hernández | 0-0: Ball 1-0: Ball 2-0: Called Strike 2-1: Foul Ball, location: 2F 2-2: Ball 3-2: Foul Ball, location: 2F 3-2: Foul Ball, location: 2F 3-2: Ground out U3 (Groundball, 23) Armando Domínguez to second | Batting: RHB Brandon Townsley | 0-0: Ball 1-0: Called Strike Armando Domínguez is caught stealing 3rd base 1-1: Fly out, F9 (Flyball, 9S) | Bottom of the 3rd over - 0 runs, 1 hit, 0 errors, 0 left on base; Salem 0 - Memphis 1 | TOP OF THE 4TH |
---|
Salem Silver Souls batting - Pitching for Memphis Blues : LHP Ramón Vázquez | Batting: SHB Dawson Fowler | 0-0: SINGLE (Line Drive, 89M) | Batting: SHB Alberto Sandoval | 0-0: Ball 1-0: Swinging Strike 1-1: Swinging Strike 1-2: Ball 2-2: Strikes out swinging | Batting: RHB José López | 0-0: Called Strike 0-1: SINGLE (Groundball, 56D) Dawson Fowler to second | Batting: LHB Felipe Rivera | 0-0: Ball 1-0: Called Strike 1-1: Foul Ball, location: 2F 1-2: Ball 2-2: Fielders Choice at 2nd, 4-6 (Groundball, 4M) Dawson Fowler to third | Batting: RHB Juan Becerra | 0-0: Ball 1-0: Ball 2-0: Ball 3-0: Base on Balls Felipe Rivera to second | Batting: RHB Júlio Rodríguez | 0-0: Fly out, F3 (Popup, 3SF) | Top of the 4th over - 0 runs, 2 hits, 0 errors, 3 left on base; Salem 0 - Memphis 1 | BOTTOM OF THE 4TH |
---|
Memphis Blues batting - Pitching for Salem Silver Souls : RHP Miguel Ortíz | Batting: LHB Brenton Carter | 0-0: Called Strike 0-1: Ball 1-1: Ball 2-1: Ground out 6-3 (Groundball, 6) | Batting: LHB Weston Chaney | 0-0: Ball 1-0: Ground out 3-1 (Groundball, 34S) | Batting: LHB John Foster | 0-0: SOLO HOME RUN (Flyball, 9D), Distance : 405 ft | Batting: RHB Aaron Grizzle | 0-0: Fly out, F9 (Flyball, 89M) | Bottom of the 4th over - 1 run, 1 hit, 0 errors, 0 left on base; Salem 0 - Memphis 2 | BOTTOM OF THE 5TH |
---|
Memphis Blues batting - Pitching for Salem Silver Souls : RHP Miguel Ortíz | Batting: RHB Julian Lee | 0-0: Ball 1-0: Ball 2-0: Called Strike 2-1: Called Strike 2-2: Fly out, F5 (Popup, 25F) | Batting: RHB Jonny Lord | 0-0: Ball 1-0: Called Strike 1-1: Ball 2-1: Fly out, F6 (Popup, 6D) | Batting: LHB Armando Domínguez | 0-0: Fly out, F9 (Flyball, 9S) | Bottom of the 5th over - 0 runs, 0 hits, 0 errors, 0 left on base; Salem 1 - Memphis 2 | TOP OF THE 6TH |
---|
Salem Silver Souls batting - Pitching for Memphis Blues : LHP Fernando Palácios | Pitching: LHP Peter Turner | | Batting: RHB Juan Becerra | 0-0: Called Strike 0-1: Foul Ball, location: 2F 0-2: Ball 1-2: Ground out 5-3 (Groundball, 56S) | Pitching: RHP Luis Pistoni | | Batting: RHB Júlio Rodríguez | 0-0: DOUBLE (Line Drive, 7D) | Batting: RHB Carlos Sánchez | 0-0: Swinging Strike 0-1: Ball 1-1: Ball 2-1: Foul Ball, location: 2F 2-2: Ball 3-2: Strikes out swinging | Batting: SHB Felipe Castro | 0-0: Ball 1-0: Foul Ball, location: 2F 1-1: Called Strike 1-2: Strikes out looking | Top of the 6th over - 0 runs, 1 hit, 0 errors, 1 left on base; Salem 1 - Memphis 2 | BOTTOM OF THE 6TH |
---|
Memphis Blues batting - Pitching for Salem Silver Souls : RHP Miguel Ortíz | Batting: RHB Ángel Hernández | 0-0: Ground out 6-3 (Groundball, 6) | Batting: RHB Brandon Townsley | 0-0: Ball 1-0: Ball 2-0: Ball 3-0: Called Strike 3-1: Fly out, F2 (Popup, 23F) | Batting: LHB Brenton Carter | 0-0: Ball 1-0: Ball 2-0: Foul Ball, location: 2F 2-1: SINGLE (Groundball, 34D) | Batting: LHB Weston Chaney | 0-0: Called Strike 0-1: Ball 1-1: DOUBLE (Flyball, 9LD) Brenton Carter to third Runner from 3rd tries for Home, SAFE, no throw | Batting: LHB John Foster | 0-0: Called Strike 0-1: SINGLE (Line Drive, 78S) Weston Chaney to third Runner from 3rd tries for Home, SAFE, no throw | Batting: RHB Aaron Grizzle | 0-0: Foul Ball, location: 2F 0-1: Swinging Strike 0-2: Ball 1-2: Strikes out swinging | Bottom of the 6th over - 2 runs, 3 hits, 0 errors, 1 left on base; Salem 1 - Memphis 4 | TOP OF THE 7TH |
---|
Salem Silver Souls batting - Pitching for Memphis Blues : RHP Luis Pistoni | Batting: RHB Elpidio Martinho | 0-0: Ball 1-0: Called Strike 1-1: Foul Ball, location: 2F 1-2: Fly out, F9 (Flyball, 89M) | Batting: SHB Dawson Fowler | 0-0: Called Strike 0-1: Bunt for hit - play at first, batter OUT! 1-3 | Batting: SHB Alberto Sandoval | 0-0: Called Strike 0-1: Called Strike 0-2: Ball 1-2: SINGLE (Flyball, 7S) | Batting: RHB José López | 0-0: Ball 1-0: Ball 2-0: Foul Ball, location: 2F 2-1: Ball 3-1: Called Strike 3-2: Strikes out swinging | Top of the 7th over - 0 runs, 1 hit, 0 errors, 1 left on base; Salem 1 - Memphis 4 | BOTTOM OF THE 7TH |
---|
Memphis Blues batting - Pitching for Salem Silver Souls : RHP Miguel Ortíz | Pitching: RHP Mike Moyer | | Batting: RHB Julian Lee | 0-0: Called Strike 0-1: Ground out 6-3 (Groundball, 6) | Batting: RHB Jonny Lord | 0-0: Swinging Strike 0-1: Foul Ball, location: 2F 0-2: Ball 1-2: Ball 2-2: Strikes out swinging | Batting: LHB Armando Domínguez | 0-0: Ball 1-0: Foul Ball, location: 2F 1-1: Foul Ball, location: 2F 1-2: SINGLE (Line Drive, 6MD) | Batting: RHB Ángel Hernández | 0-0: Swinging Strike 0-1: Ball Armando Domínguez is caught stealing 2nd base | Bottom of the 7th over - 0 runs, 1 hit, 0 errors, 0 left on base; Salem 1 - Memphis 4 | TOP OF THE 8TH |
---|
Salem Silver Souls batting - Pitching for Memphis Blues : RHP Luis Pistoni | Batting: LHB Felipe Rivera | 0-0: DOUBLE (Line Drive, 9LM) | Batting: RHB Juan Becerra | 0-0: Foul Ball, location: 2F 0-1: Swinging Strike 0-2: Foul Ball, location: 2F 0-2: Ball 1-2: Foul Ball, location: 2F 1-2: Strikes out swinging | Batting: RHB Júlio Rodríguez | 0-0: Called Strike 0-1: Ball 1-1: Called Strike 1-2: Fly out, F7 (Line Drive, 7) | Batting: RHB Carlos Sánchez | 0-0: Ball 1-0: Ball 2-0: Ball 3-0: Called Strike 3-1: Swinging Strike 3-2: Strikes out swinging | Top of the 8th over - 0 runs, 1 hit, 0 errors, 1 left on base; Salem 1 - Memphis 4 | BOTTOM OF THE 8TH |
---|
Memphis Blues batting - Pitching for Salem Silver Souls : RHP Mike Moyer | Batting: RHB Ángel Hernández | 0-0: Swinging Strike 0-1: Foul Ball, location: 2F 0-2: Ball 1-2: SINGLE (Flyball, 8LS) | Batting: RHB Brandon Townsley | 0-0: Foul Ball, location: 2F 0-1: Swinging Strike 0-2: Ball 1-2: Ball 2-2: Fly out, F9 (Flyball, 9S) | Batting: LHB Brenton Carter | 0-0: Swinging Strike 0-1: Swinging Strike 0-2: Ball 1-2: Reached on error, E1 (Groundball, P) Ángel Hernández to second | Batting: LHB Weston Chaney | 0-0: Ball 1-0: Foul Ball, location: 2F 1-1: Ball 2-1: SINGLE (Groundball, 56S) (infield hit) Ángel Hernández to third Brenton Carter to second | Batting: LHB John Foster | 0-0: Ball 1-0: Ball 2-0: Ball 3-0: Base on Balls Ángel Hernández scores Brenton Carter to third Weston Chaney to second | Batting: RHB Aaron Grizzle | 0-0: Swinging Strike 0-1: Fly out, F7 (Flyball, 78M) Runner from 3rd tags up, SCORES, throw made | Batting: RHB Julian Lee | 0-0: Fielders Choice at 2nd, 6-4 (Groundball, 6) | Bottom of the 8th over - 2 runs, 2 hits, 1 error, 2 left on base; Salem 1 - Memphis 6 | TOP OF THE 9TH |
---|
Salem Silver Souls batting - Pitching for Memphis Blues : RHP Luis Pistoni | Now at 1B: Fernando Gutiérrez | | Now in LF: Artie Green | | Batting: SHB Felipe Castro | 0-0: Ball 1-0: Called Strike 1-1: Fly out, F9 (Flyball, 9) | Batting: RHB Elpidio Martinho | 0-0: Called Strike 0-1: Ball 1-1: Swinging Strike 1-2: Strikes out swinging | Batting: SHB Dawson Fowler | 0-0: Ball 1-0: Ball 2-0: Ball 3-0: Called Strike 3-1: Called Strike 3-2: Base on Balls | Batting: SHB Alberto Sandoval | 0-0: Ground out 4-3 (Groundball, 4) | Top of the 9th over - 0 runs, 0 hits, 0 errors, 1 left on base; Salem 1 - Memphis 6 | |